 Dungeon Crawl Stone Soup version 0.17-a0-1421-g95311d7 (webtiles) character file.

10 Gorice the Sneak (level 2, 0/16 HPs)
             Began as a Tengu Wanderer on June 24, 2015.
             Slain by a hobgoblin
             ... wielding a +0 club
              (5 damage)
             ... on level 1 of the Dungeon.
             The game lasted 00:03:54 (657 turns).

Gorice the Sneak (Tengu Wanderer)                    Turns: 657, Time: 00:03:54

Health: 0/16       AC:  7    Str: 13    XL:     2   Next: 20%
Magic:  3/3        EV: 13    Int: 13    God:
Gold:   40         SH:  0    Dex: 11    Spells: 0 memorised, 1 level left

rFire  . . .     SeeInvis .     a - +0 falchion
rCold  . . .     Clarity  .     b - +0 ring mail
rNeg   . . .     SustAt   .     (no shield)
rPois  .         Gourm    .     (helmet restricted)
rElec  .         Spirit   .     (no cloak)
rCorr  .         Warding  .     (no gloves)
rMut   .         Stasis   .     (boots unavailable)
MR     .....                    (no amulet)
Stlth  +.........               (no ring)
                                (no ring)

@: not resistant to hostile enchantments, very unstealthy
A: beak, talons 3, repulsion field 1, slimy green scales 1
a: no special abilities


You were on level 1 of the Dungeon.
You were not hungry.

You visited 1 branch of the dungeon, and saw 1 of its levels.

You collected 40 gold pieces.

Inventory:

Hand weapons
 a - a +0 falchion (weapon)
 c - a +0 quarterstaff
 e - a +0 dagger
Missiles
 Y - a throwing net (quivered)
Armour
 b - a +0 ring mail (worn)
 d - a +0 leather armour
 m - a cursed +0 leather armour
Scrolls
 j - a scroll of enchant weapon {unknown}
 l - a scroll of recharging {unknown}
 n - a scroll of magic mapping {unknown}
Potions
 i - a potion of mutation {unknown}
 k - a potion of agility {unknown}
 o - a potion of haste {unknown}
Comestibles
 f - a bread ration {!e}
 h - 2 chunks of flesh


   Skills:
 + Level 1.5 Fighting
 * Level 2.8 Long Blades
   Level 1.1 Polearms
 - Level 1.1 Throwing
 - Level 2.1 Dodging
 - Level 3.0 Stealth


You had one spell level left.
You didn't know any spells.

Dungeon Overview and Level Annotations

Branches:
Dungeon (1/15)

Altars:


Innate Abilities, Weirdness & Mutations

You have a beak for a mouth.
You have claws for feet.
You are surrounded by a mild repulsion field (EV +2).
You are partially covered in slimy green scales (AC +2).


Message History

The giant gecko barely misses you.
Found a scroll labeled CUQ TOH ORI.
The giant gecko bites you.
* * * LOW HITPOINT WARNING * * *
Damage: 1 (max 4)
You hit the giant gecko.
You kill the giant gecko!
A kobold comes into view.
The kobold shouts!
The kobold throws a stone.
The stone closely misses you.
You see here a stone.
The kobold throws a stone.
The stone closely misses you.
The kobold throws a stone.
The stone closely misses you.
The kobold throws a stone.
The stone hits you but does no damage.
Found a scroll labeled DOUZIP RIRGHEKAE.
You see here a stone.
The kobold throws a stone.
The stone hits you but does no damage.
You see here a stone.
You see here a stone.
A ball python comes into view.
The ball python moves out of view.
Drink which item? (? for menu, Esc to quit)
Slimy green scales grow over part of your body.
You feel fantastic!
You see here a short sword.
Found 10 gold pieces.
You now have 40 gold pieces (gained 10).
You see here 21 stones.
You closely miss the giant newt. Your peck misses the giant newt.
The giant newt bites you.
Damage: 1 (max 1)
You miss the giant newt. Your kick misses the giant newt.
The giant newt barely misses you. The hobgoblin hits you with a club.
Damage: 1 (max 1)
You miss the giant newt. The giant newt misses you.
The hobgoblin completely misses you. The giant newt closely misses you.
You slash the giant newt!
You kill the giant newt!
The hobgoblin hits you with a club.
Damage: 1 (max 1) Some of the chunks of flesh in your inventory have rotted away.
Found a leather armour and a glowing emerald potion.
Throwing (i - inventory):
Y - 2 throwing nets (quivered)
Press: ? - help, Shift-Dir - straight line, f - hobgoblin
Aim: a hobgoblin, wielding a club You throw a throwing net.
The throwing net closely misses the hobgoblin.
The throwing net closely misses the kobold.
The hobgoblin hits you with a club.
You die...

###.####.##.#
#.# # # #..#
#.##.# #.#
#..# #.##.#
#.# #..#
#.##K# #.#
#..####.##.#
.#
#.g.....##.#
.# #
##..######.#
.#.#.# ###..#
#.#####.....#
.....#
#(..Kg@..#
#....#
#######....#
.....# ....#
#....#
.......
..?..#
.[..##.
##..## ##.##
#..# !# #..#
.# ...


You could see a hobgoblin and a kobold.

Vanquished Creatures
  2 giant cockroaches (D:1)
  A hobgoblin (D:1)
  2 bats (D:1)
  A giant gecko (D:1)
  A giant newt (D:1)
  3 kobolds (D:1)
  A rat (D:1)
11 creatures vanquished.

Notes
Turn   | Place    | Note
--------------------------------------------------------------
     0 | D:1      | Gorice the Tengu Wanderer began the quest for the Orb.
     0 | D:1      | Gorice set off with: a +0 leather armour, a +0 quarterstaff, a +0 falchion, a +0 dagger, a bread ration {!e}, 3 throwing nets
     0 | D:1      | Reached XP level 1. HP: 12/12 MP: 2/2
   515 | D:1      | Reached XP level 2. HP: 16/16 MP: 3/3
   564 | D:1      | Gained mutation: You are surrounded by a mild repulsion field (EV +2). [potion of beneficial mutation]
   570 | D:1      | HP: 4/16 [giant gecko (1)]
   619 | D:1      | Gained mutation: You are partially covered in slimy green scales (AC +2). [potion of beneficial mutation]
   657 | D:1      | Slain by a hobgoblin

Vault maps used:
D:1:      lemuel_arrival_lava_pool

Action                   || total
-------------------------++-------
Melee: Falchion          ||    36
Throw: Throwing net      ||     2
  Use: Potion            ||     2

Table legend:
 A = Turns spent in this place as a percentage of turns spent in the entire game.
 B = Non-inter-level travel turns spent in this place as a percentage of non-inter-level travel turns spent in the entire game.
 C = Inter-level travel turns spent in this place as a percentage of turns spent in this place.
 D = Turns resting spent in this place as a percentage of non-inter-level travel turns spent in this place.
 E = Turns spent auto-exploring this place as a percentage of non-inter-level travel turns spent in this place.
 F = Non-inter-level travel turns spent in this place divided by the number of levels of this place that you've seen.
                   A       B       C       D       E      F
               +-------+-------+-------+-------+-------+----------------------
         Total | 100.0 | 100.0 |   0.0 |   1.7 |   1.7 | 361.0
       Dungeon | 100.0 | 100.0 |   0.0 |   1.7 |   1.7 | 361.0
               +-------+-------+-------+-------+-------+----------------------

Vault maps used:
D:1:      lemuel_arrival_lava_pool
